 Dungeon Crawl Stone Soup version 0.31-a0-1-g4198be8af4 (webtiles) character file.

Game seed: 14029545835208886875

415 CrazyBamboolord the Grave Robber (level 6, -9/44 HPs)
             Began as a Demonspawn Necromancer on May 2, 2023.
             Mangled by a sleepcap (16 damage)
             ... on level 4 of the Dungeon.
             The game lasted 00:11:24 (4180 turns).

CrazyBamboolord the Grave Robber (DsNe)             Turns: 4180, Time: 00:11:25

Health: -9/44      AC:  4    Str:  8    XL:     6   Next: 60%
Magic:  2/12       EV:  2    Int: 18    God:
Gold:   45         SH:  0    Dex: 16    Spells: 1/13 levels left

rFire   . . .        p - +1 hand axe (vamp)
rCold   + . .        (no shield)
rNeg    . . .        a - +0 robe
rPois   .            f - +0 helmet
rElec   .            (no cloak)
rCorr   .            l - +0 pair of gloves
SInv    .            (no boots)
Will    .....        (no amulet)
Stlth   +++          c - ring of protection from cold
HPRegen 0.27/turn    (no ring)
MPRegen 0.13/turn

%: no passive effects
@: sleeping
A: thin skeletal structure 1, demonic touch 1
a: no special abilities


You were on level 4 of the Dungeon.
You visited 1 branch of the dungeon, and saw 4 of its levels.

You collected 123 gold pieces.
You spent 78 gold pieces at shops.

Inventory:

Hand Weapons
 d - a +0 dagger of venom
 i - a +0 dagger of electrocution
 p - a +1 vampiric hand axe (weapon)
Armour
 a - a +0 robe (worn)
 f - a +0 helmet (worn)
 l - a +0 pair of gloves (worn)
Jewellery
 c - a ring of protection from cold (left hand)
Scrolls
 g - 3 scrolls of poison
 j - a scroll of magic mapping
 m - a scroll of enchant weapon
 n - 3 scrolls of blinking
 r - a scroll of immolation {unknown}
Potions
 b - 2 potions of attraction
 e - a potion of cancellation
 h - 2 potions of haste
 k - a potion of ambrosia {unknown}
 o - a potion of berserk rage {unknown}
 q - a potion of degeneration {unknown}


   Skills:
 * Level 2.0 Fighting
 * Level 3.1 Dodging
 + Level 1.8 Stealth
 * Level 4.1 Spellcasting
 * Level 1.8 Hexes
 * Level 5.8 Necromancy


You had one spell level left.
You knew the following spells:

 Your Spells              Type           Power      Damage    Failure   Level
a - Necrotise             Necr           96%        1d8       1%          1
b - Vampiric Draining     Necr           24%        2d7       4%          3
c - Animate Dead          Necr           24%        N/A       13%         4
d - Anguish               Hex/Necr       8%         N/A       30%         4

Your spell library contained the following spells:

 Spells                   Type           Power      Damage    Failure   Level
 Lesser Beckoning         Tloc           6%         N/A       22%         2
 Agony                    Necr           24%        N/A       36%         5
 Enfeeble                 Hex            5%         N/A       100%        7


Dungeon Overview and Level Annotations

Branches:
Dungeon (4/15)
 Temple: D:4-7

Altars:
Fedhas
Qazlal
Sif Muna

Shops:
D:3 *

Annotations:
D:4 1 exclusion


Innate Abilities, Weirdness & Mutations

You have a somewhat thin skeletal structure. (Dex +2, Stealth+)
Your touch may inflict minor irresistible damage on your foes.


Message History

Press: ? - help, Shift-Dir - straight line, f/p - orc warrior
Aim: an orc warrior, wielding a +0 dire flail and wearing a +0 plate armour (almost dead)
You draw life force from the orc warrior!
You kill the orc warrior!
You feel life coursing into your body.
Your Fighting skill increases to level 2!
Your Spellcasting skill increases to level 4!
Aiming: Necrotise (safe; 1% risk of failure)
Press: ? - help, Q - select action, (/) - cycle Shift-Dir - straight line, f - sleepcap
Aim: a sleepcap (chance to affect: 88%)
The sleepcap writhes in agony.
The sleepcap releases spores at you.
Unknown command.
Aiming: Necrotise (safe; 1% risk of failure)
Press: ? - help, Q - select action, (/) - cycle Shift-Dir - straight line, f/p - sleepcap
Aim: a sleepcap (moderately damaged, chance to affect: 88%)
The sleepcap writhes in agony!
The sleepcap releases spores at you.
You are engulfed in a cloud of soporific spores!
You fall asleep.
The sleepcap releases spores at you!
You wake up.
Aiming: Necrotise (safe; 1% risk of failure)
Press: ? - help, Q - select action, (/) - cycle Shift-Dir - straight line, f/p - sleepcap
Aim: a sleepcap (heavily damaged, chance to affect: 88%)
The sleepcap writhes in agony.
The sleepcap releases spores at you!
* * * LOW HITPOINT WARNING * * *
Unknown command.
You hit the sleepcap but do no damage.
The sleepcap is severely damaged.
The sleepcap barely misses you. The sleepcap misses you.
Unknown command.
You hit the sleepcap but do no damage.
The sleepcap is severely damaged.
The sleepcap releases spores at you.
* * * LOW HITPOINT WARNING * * *
You are engulfed in a cloud of soporific spores!
You fall asleep.
The sleepcap releases spores at you!
You die...

### ## #.. .# #.#
#####.##### #!#
#.........# #:#
#.........+ #.#
#..........
########.#########........
.o.........^...f@..#...##.
##########...#####.# ...#
#### #...### #####...##
#..[ ###)....###._.# ...#
##.#. #.o.......#...###..
#..#. #f##.)....##...#∩#.
####.
########.##.#.##..##...##
#.
..fo.....##[..#######...##
###. ##......#######
##.).## ##...


You could see a sleepcap.

Vanquished Creatures
  An orc warrior (D:4)
  A hound (D:4)
  An orc priest (D:4)
  Terence (D:2)
  4 orc wizards
  An adder (D:3)
  An ufetubus (D:4)
  2 dart slugs (D:1)
  10 orcs
  7 ball pythons
  15 endoplasms
  10 giant cockroaches
  9 goblins
  4 hobgoblins
  10 jackals
  8 kobolds
  2 quokkas (D:1)
  8 bats
  7 rats
102 creatures vanquished.

Vanquished Creatures (collateral kills)
  A rat (D:1)
1 creature vanquished.

Vanquished Creatures (others)
  A fungus (D:3)
  A plant (D:3)
2 creatures vanquished.

Grand Total: 105 creatures vanquished

Notes
Turn   | Place    | Note
-------+----------+-------------------------------------------
     0 | D:1      | CrazyBamboolord the Demonspawn Necromancer began the quest
                  | for the Orb.
     0 | D:1      | Reached XP level 1. HP: 13/13 MP: 3/3
     1 | D:1      | Found a runed translucent door.
   300 | D:1      | Gained mutation: Your touch may inflict minor irresistible
                  | damage on your foes. [demonic ancestry]
   300 | D:1      | Reached XP level 2. HP: 17/19 MP: 0/5
   974 | D:1      | Gained mutation: You have a somewhat thin skeletal
                  | structure. (Dex +2, Stealth+) [demonic ancestry]
   974 | D:1      | Reached XP level 3. HP: 24/25 MP: 1/6
  1219 | D:1      | Learned a level 3 spell: Vampiric Draining
  1740 | D:2      | Noticed Terence
  1744 | D:2      | Killed Terence
  1745 | D:2      | Reached skill level 1 in Fighting
  1745 | D:2      | Reached skill level 1 in Hexes
  1745 | D:2      | Reached skill level 5 in Necromancy
  1745 | D:2      | Reached XP level 4. HP: 32/32 MP: 2/8
  1750 | D:2      | Identified the +10 sling of Vyuk {heavy, rPois Str+8 Int-2}
  2428 | D:1      | Learned a level 4 spell: Animate Dead
  2571 | D:3      | Reached XP level 5. HP: 34/37 MP: 1/9
  2947 | D:3      | Found a stormy altar of Qazlal.
  2947 | D:3      | Found a blossoming altar of Fedhas.
  3052 | D:3      | Found Zimumn's Assorted Antiques.
  3055 | D:3      | Bought a fuming inky potion for 18 gold pieces
  3055 | D:3      | Bought a scroll of identify for 42 gold pieces
  3055 | D:3      | Bought a murky green potion for 18 gold pieces
  3692 | D:4      | Found a shimmering blue altar of Sif Muna.
  3699 | D:4      | Reached XP level 6. HP: 44/44 MP: 5/11
  3749 | D:4      | Got Sif Muna's Discursus on the Door
  3751 | D:4      | Noticed an orc warrior
  4002 | D:4      | Learned a level 4 spell: Anguish
  4173 | D:4      | Killed an orc warrior
  4180 | D:4      | Mangled by a sleepcap

Illustrated notes

Levels and vault maps discovered:
D:1:      dpeg_arrival_caged_fury, layout_basic
D:2:      layout_loops_ring, uniq_terence
D:3:      layout_basic, grunt_temple_overflow_forces_of_nature,
          mainiacjoe_overflow_brackets, serial_shops,
          nicolae_shop_tiny_real_fake_doors
D:4:      layout_basic, nzn_overflow_gifts_of_might_and_magic, kennysheep_mini

Skill      XL: |  1  2  3  4  5  6 |
---------------+-------------------+-----
Dodging        | 2 3 |  3.1
Fighting       | 1 2 |  2.0
Hexes          | 1 |  1.8
Necromancy     | 5 |  5.8
Spellcasting   | 3 4 |  4.1
Stealth        | |  1.8

Action                     |  1- 3 |  4- 6 || total
---------------------------+-------+-------++-------
  Melee: Unarmed           |     7 |       ||     7
         Touch             |     2 |     7 ||     9
         Dagger            |     2 |    28 ||    30
         Hand axe          |       |     3 ||     3
   Cast: Necrotise         |    70 |   110 ||   180
         Vampiric Draining |       |     3 ||     3
    Use: Potion            |     1 |     2 ||     3
         Scroll            |       |     8 ||     8
   Stab: Sleeping          |       |     1 ||     1
 Armour: Robe              |     7 |    39 ||    46
  Dodge: Dodged            |    19 |   102 ||   121

Table legend: (Time is in decaauts)
 A = Elapsed time spent in this place.
 B = Non-inter-level travel time spent in this place.
 C = Inter-level travel time spent in this place.
 D = Time resting spent in this place.
 E = Time spent auto-exploring this place.
 F = Levels seen in this place.
 G = Mean time per level.
                   A        B        C        D        E       F      G
               +--------+--------+--------+--------+--------+-----+--------+
         Total |   4179 |   3944 |    235 |    293 |   2983 |   4 | 1044.8 |
       Dungeon |   4179 |   3944 |    235 |    293 |   2983 |   4 | 1044.8 |
               +--------+--------+--------+--------+--------+-----+--------+

Top non-repeatable levels by time:
     D:1: 1481 daAuts
     D:4: 1022 daAuts
     D:2: 952 daAuts
     D:3: 723 daAuts
